 Dungeon Crawl Stone Soup version 0.31-a0-865-g3d5d91748a (webtiles) character file.

Game seed: 10805737871997476633

4762 Flugkiller the Carver (level 10, -7/54 (60) HPs)
             Began as a Deep Elf Fighter on Oct 11, 2023.
             Was a Priest of Okawaru.
             Killed from afar by Erolcha (24 damage)
             ... with a fireball
             ... on level 10 of the Dungeon.
             The game lasted 00:10:29 (7580 turns).

Flugkiller the Carver (Deep Elf Fighter)            Turns: 7580, Time: 00:10:29

HP:   -7/54 (60)    AC: 10    Str: 15    XL:     10   Next: 23%
MP:   17/17         EV: 16    Int: 14    God:    Okawaru [***...]
Gold: 246           SH:  5    Dex: 16    Spells: 9/9 levels left

rFire   . . .        d - +4 long sword
rCold   . . .        c - +0 buckler
rNeg    . . .        K - +0 steam dragon scales
rPois   .            (no helmet)
rElec   .            j - +0 cloak
rCorr   .            m - +1 pair of gloves
SInv    .            p - +0 pair of boots
Will    +....        o - amulet of regeneration
Stlth   +            B - ring of flight
HPRegen 1.09/turn    (no ring)
MPRegen 0.15/turn

%: no passive effects
@: lethally poisoned (-7 -> -7), flying, heavily drained
A: no striking features
a: Renounce Religion, Heroism


You were on level 10 of the Dungeon.
You worshipped Okawaru.
Okawaru was most pleased with you.
You visited 2 branches of the dungeon, and saw 11 of its levels.

You collected 480 gold pieces.
You spent 234 gold pieces at shops.

Inventory:

Hand Weapons
 a - a +0 scimitar
   (You took it off a wight on level 8 of the Dungeon)
 d - a +4 long sword (weapon)
   (You took it off a wight on level 8 of the Dungeon)
 n - a +2 dagger of venom
   (You took it off an orc wizard on level 8 of the Dungeon)
 L - the +10 sling "Demon's Bane" {flame, rCorr}
   (You found it on level 8 of the Dungeon)

   rCorr:     It protects you from acid and corrosion.
Missiles
 E - a throwing net
Armour
 b - a +0 scale mail
 c - a +0 buckler (worn)
 j - a +0 cloak (worn)
   (You found it on level 1 of the Dungeon)
 l - a +0 kite shield
   (You took it off a tengu warrior on level 9 of the Dungeon)
 m - a +1 pair of gloves (worn)
   (You found it on level 3 of the Dungeon)
 p - a +0 pair of boots (worn)
   (You found it on level 2 of the Dungeon)
 x - a +3 leather armour
   (You found it on level 3 of the Dungeon)
 K - +0 steam dragon scales (worn)
   (You found it on level 8 of the Dungeon)
Jewellery
 o - an amulet of regeneration (around neck)
   (You found it on level 2 of the Dungeon)
 B - a ring of flight (left hand)
   (You found it on level 4 of the Dungeon)
 C - an amulet of faith
   (You found it on level 5 of the Dungeon)
Wands
 s - a wand of digging (24)
   (You found it on level 5 of the Dungeon)
 D - a wand of flame (8)
   (You found it on level 8 of the Dungeon)
 M - a wand of acid (3)
   (You found it on level 9 of the Dungeon)
Scrolls
 h - a scroll of poison
 i - 2 scrolls of fog
 k - 2 scrolls of enchant weapon {unknown}
 y - 3 scrolls of revelation
 G - a scroll of immolation {unknown}
 I - a scroll of vulnerability {unknown}
Potions
 e - 3 potions of lignification
 f - 2 potions of enlightenment
 g - 2 potions of brilliance
 q - 3 potions of curing
 u - a potion of resistance {unknown}
 v - a potion of haste {unknown}
 w - 2 potions of heal wounds
 z - a potion of cancellation {unknown}
 A - a potion of invisibility {unknown}
 F - a potion of berserk rage {unknown}
 H - a potion of attraction {unknown}
 J - 3 potions of mutation


   Skills:
 - Level 6.0 Fighting
 + Level 8.5 Long Blades
 + Level 3.3 Armour
 - Level 8.0 Dodging
 - Level 2.4 Shields
 + Level 7.6 Invocations


You had 9 spell levels left.
You didn't know any spells.
Your spell library contained the following spells:

 Spells                   Type           Power      Damage    Failure   Level
 Sublimation of Blood     Necr           0%         N/A       50%         2
 Wereblood                Tmut           0%         N/A       50%         2
 Olgreb's Toxic Radiance  Pois           0%         N/A       98%         4
 Discord                  Hex            0%         N/A       100%        8
 Ignition                 Fire           0%         3d3       100%        8
 Summon Hydra             Summ           Unusable   N/A       N/A         7

Dungeon Overview and Level Annotations

Branches:
Dungeon (10/15) Zot: 26993  Temple (1/1) D:4 Zot: 5977
   Lair: D:8-11         Orc: D:9-12

Altars:
Ashenzari
Cheibriados
Dithmenos
Elyvilon
Fedhas
Gozag
Hepliaklqana
Kikubaaqudgha
Makhleb
Nemelex Xobeh
Okawaru
Qazlal
Ru
Sif Muna
Trog
Uskayaw
Vehumet
Wu Jian
Xom
Yredelemnul
Zin
The Shining One

Shops:
D:8 !

Annotations:
D:6 exclusion: acid dragon
D:8 2 runed translucent doors
D:10 Erolcha


Message History

You feel strangely unstable.
The killer bee stings you but does no damage. x2
The killer bee stings you.
You are poisoned.
The killer bee poisons you! The killer bee barely misses you.
Unknown command.
You feel sick.
The killer bee attacks as it pursues you!
The killer bee barely misses you.
You feel sick.
The killer bee attacks as it pursues you!
The killer bee closely misses you.
The killer bee attacks as it pursues you!
The killer bee closely misses you. The killer bee barely misses you.
Your surroundings suddenly seem different.
You feel sick.
Unknown command.
You start resting.
You feel sick. x2
Okawaru accepts your kill.
You feel a bit more experienced.
You start resting.
You feel sick. x3
You are no longer poisoned.
You start resting.
HP restored.
Your +2 dagger of venom stops dripping with poison.
d - a +4 long sword (weapon)
Found an escape hatch in the ceiling.
There is an escape hatch in the ceiling here.
You now have 228 gold pieces (gained 22).
Found a serpent talisman.
Found an escape hatch in the floor.
Unknown command.
You now have 246 gold pieces (gained 18).
You reach down and open the door.
There is an open door here.
You reach down and open the door. 5 killer bees and a queen bee come into view.
The killer bee buzzes angrily.
The queen bee buzzes angrily.
The killer bee buzzes angrily.
You hear an angry buzzing noise. x2
The killer bee buzzes angrily. x3; You hear an angry buzzing noise.
The teleport trap disappears.
The killer bee disappears!
A killer bee comes into view.
A killer bee comes into view.
The killer bee moves out of view. x2
The killer bee buzzes angrily.
You hear an angry buzzing noise. x2
Found two yak corpses and a potion of ambrosia.
The killer bee attacks as it pursues you!
The killer bee closely misses you.
The killer bee stings you but does no damage.
There is an open door here.
The killer bee stings you!
You are poisoned.
The killer bee poisons you!
You hit the killer bee.
The killer bee is moderately wounded.
You feel sick.
The killer bee stings you but does no damage.
The killer bee barely misses you. x2; The killer bee misses you.
Okay, then.
You feel sick.
The killer bee stings you but does no damage.
You feel sick. You block the killer bee's attack.
The killer bee attacks as it pursues you!
The killer bee stings you.
You are more poisoned.
The killer bee poisons you! The killer bee misses you.
There is an escape hatch in the floor here.
You feel very sick. The killer bee completely misses you.
The killer bee stings you.
The killer bee stings you! x2; The killer bee closely misses you.
You block the killer bee's attack.
You fly downwards.
The hatch slams shut behind you.
You feel sick.
Found a scroll of identify.
Found a stone staircase leading down.
As you read the scroll of teleportation, it crumbles to dust.
You feel strangely unstable.
You feel sick. The killer bee stings you. The killer bee misses you.
The killer bee stings you.
The killer bee stings you but does no damage.
The killer bee closely misses you. The killer bee misses you.
Unknown command.
You feel sick.
The killer bee stings you but does no damage.
The killer bee stings you.
The killer bee stings you but does no damage.
Erolcha gestures wildly while chanting.
Erolcha flickers and vanishes!
Deactivating autopickup; reactivate with Ctrl-A.
You feel sick.
The killer bee attacks as it pursues you!
The killer bee barely misses you. The killer bee misses you.
You block the killer bee's attack. The killer bee closely misses you. x2
You feel sick. The killer bee barely misses you.
You block the killer bee's attack. The killer bee closely misses you.
Your surroundings suddenly seem different.
Found a rapier.
You feel sick.
Unknown command.
As you read the scroll of fog, it dissolves into smoke.
You feel sick.
You hear some strange, mumbled words.
A fireball appears from out of thin air!
The fireball explodes!
The fireball engulfs you!!
You die...

)#####
......######+###
.##..§@§.......
.....§§§§.......
.....§.{........
.......yyy......
..##......>.....
. #............
####.........
#.........
##.....###


You could see 3 killer bees.

Vanquished Creatures
  A boulder beetle (D:8)
  A tengu warrior (D:9)
  Sigmund (D:3)
  A wyvern (D:8)
  A steam dragon (D:8)
  2 water moccasins
  3 orc warriors
  An ice beast (D:6)
  A black bear (D:7)
  A sky beast (D:7)
  An ogre (D:4)
  3 centaurs
  5 bullfrogs
  2 scorpions (D:4)
  9 wights
  2 killer bees (D:9)
  An electric eel (D:8)
  3 howler monkeys (D:8)
  3 hounds
  6 orc priests
  4 gnoll boudas
  2 iguanas
  A sleepcap (D:6)
  7 orc wizards
  10 gnolls
  9 adders
  A shadow imp (D:8)
  A white imp (D:6)
  29 orcs
  9 ball pythons
  4 endoplasms
  7 giant cockroaches
  6 goblins
  9 jackals
  9 kobolds
  3 quokkas
  6 bats
  4 frilled lizards
  5 rats
174 creatures vanquished.

Notes
Turn   | Place    | Note
-------+----------+-------------------------------------------
     0 | D:1      | Flugkiller the Deep Elf Fighter began the quest for the
                  | Orb.
     0 | D:1      | Reached XP level 1. HP: 13/13 MP: 3/3
   190 | D:1      | Reached XP level 2. HP: 18/18 MP: 4/4
   806 | D:2      | Found a blossoming altar of Fedhas.
   859 | D:2      | Reached XP level 3. HP: 22/22 MP: 5/5
  1584 | D:2      | Found a faded altar of an unknown god.
  1941 | D:3      | Reached XP level 4. HP: 27/27 MP: 6/6
  1991 | D:3      | Noticed Sigmund
  2014 | D:3      | Killed Sigmund
  2015 | D:3      | Reached XP level 5. HP: 22/33 MP: 7/7
  2309 | D:4      | Reached XP level 6. HP: 31/38 MP: 8/8
  2665 | D:4      | Found a staircase to the Ecumenical Temple.
  2700 | Temple   | Entered the Ecumenical Temple
  2711 | Temple   | Became a worshipper of Warmaster Okawaru
  2777 | D:4      | Found a white marble altar of Elyvilon.
  3030 | D:5      | Entered Level 5 of the Dungeon
  3095 | D:4      | Reached skill level 5 in Dodging
  3095 | D:4      | Reached XP level 7. HP: 43/43 MP: 9/9
  3202 | D:5      | Reached skill level 5 in Long Blades
  3365 | D:4      | Reached * piety under Okawaru
  3453 | D:5      | You are sucked into a shaft and drop 3 floors!
  3489 | D:8      | Reached skill level 1 in Invocations
  3541 | D:8      | Reached XP level 8. HP: 48/48 MP: 11/11
  3579 | D:8      | Noticed a boulder beetle
  3710 | D:7      | Reached ** piety under Okawaru
  4314 | D:6      | Reached XP level 9. HP: 40/53 MP: 14/14
  4418 | D:6      | Reached skill level 5 in Fighting
  5219 | D:7      | Reached skill level 5 in Invocations
  5509 | D:8      | Found Poamuiru's Distillery.
  5513 | D:8      | Bought 2 potions of heal wounds for 130 gold pieces
  5513 | D:8      | Bought a potion of mutation for 104 gold pieces
  5586 | D:8      | Found a runed translucent door.
  5588 | D:8      | Found a runed translucent door.
  5629 | D:8      | HP: 2/54 [orc warrior/+0 glaive (17)]
  6418 | D:8      | Identified the +10 sling "Demon's Bane" {flame, rCorr}
  6674 | D:8      | Killed a boulder beetle
  6674 | D:8      | Reached *** piety under Okawaru
  6901 | D:9      | Noticed a two-headed ogre
  7086 | D:9      | Reached XP level 10. HP: 45/60 MP: 17/17
  7109 | D:9      | Found a burning altar of Makhleb.
  7209 | D:9      | Noticed a tengu warrior
  7253 | D:9      | Killed a tengu warrior
  7574 | D:10     | Entered Level 10 of the Dungeon
  7574 | D:10     | Noticed Erolcha
  7580 | D:10     | Killed from afar by Erolcha

Illustrated notes

Levels and vault maps discovered:
D:1:      elethiomel_arrival_infinity_welcomes_careful_drivers, layout_basic,
          minmay_misc_feat_tower, bh_walls_and_bars
D:2:      layout_basic, basic_altar, shapermc_ecumenical_altar_mp_vishouse,
          grunt_decor_junction
D:3:      layout_rooms, uniq_sigmund
D:4:      layout_rooms, elyvilon_altar_3, temple_green
D:5:      layout_cave_pools, hex_tiny
D:6:      minmay_evil_eye, layout_loops_corners
D:7:      layout_basic
D:8:      lemuel_insect_pit, layout_layer_cave, serial_shops,
          nicolae_shop_tiny_statue_garden, serial_bayou_ford_a
D:9:      layout_roguey [special_room_bee], mainiacjoe_overflow_chevrons,
          serial_corexii_hall, chequers_hall_statues_corner_a,
          corexii_hall_statues_l
D:10:     layout_basic, grunt_lair_entry_orc_guard_hut, hiddenorc2_lemuel,
          uniq_grum, uniq_erolcha
Temple:   nicolae_temple_bog_church

Skill      XL: |  1  2  3  4  5  6  7  8  9 10 |
---------------+-------------------------------+-----
Long Blades    | 2 3 4 6 8 |  8.5
Fighting       | 4 6 |  6.0
Dodging        | 2 3 5 6 7 8 |  8.0
Invocations    | 2 4 7 |  7.6
Armour         | 3 |  3.3
Shields        | |  2.4

Action                     |  1- 3 |  4- 6 |  7- 9 | 10-12 || total
---------------------------+-------+-------+-------+-------++-------
  Melee: Long sword        |   148 |   165 |   513 |    43 ||   869
         Dagger            |       |       |     9 |    14 ||    23
 Invoke: Heroism           |       |       |     2 |     1 ||     3
    Use: Potion            |       |     1 |     6 |     1 ||     8
         Scroll            |       |     7 |     6 |     3 ||    16
   Stab: Sleeping          |       |     1 |       |       ||     1
 Armour: Scale mail        |   112 |    35 |       |       ||   147
         Leather armour    |       |    87 |   337 |       ||   424
         Steam dragon scal |       |       |     8 |    62 ||    70
  Dodge: Dodged            |    56 |    95 |   372 |    70 ||   593
  Block: Buckler           |    43 |    32 |   140 |    19 ||   234

Table legend: (Time is in decaauts)
 A = Elapsed time spent in this place.
 B = Non-inter-level travel time spent in this place.
 C = Inter-level travel time spent in this place.
 D = Time resting spent in this place.
 E = Time spent auto-exploring this place.
 F = Levels seen in this place.
 G = Mean time per level.
                   A        B        C        D        E       F      G
               +--------+--------+--------+--------+--------+-----+--------+
         Total |   7713 |   7343 |    370 |    358 |   4744 |  11 |  701.2 |
       Dungeon |   7690 |   7340 |    350 |    358 |   4744 |  10 |  769.0 |
        Temple |     22 |      2 |     20 |      0 |      0 |   1 |   22.0 |
               +--------+--------+--------+--------+--------+-----+--------+

Top non-repeatable levels by time:
     D:8: 1785 daAuts
     D:6: 1223 daAuts
     D:2: 962 daAuts
     D:4: 815 daAuts
     D:1: 796 daAuts
     D:7: 591 daAuts
     D:3: 583 daAuts
     D:9: 550 daAuts
     D:5: 374 daAuts
  Temple: 22 daAuts
    D:10: 5 daAuts
